 Dungeon Crawl Stone Soup version 0.21-a0-525-ga34b322 (webtiles) character file.

25 Amnesiac the Shooter (level 2, 0/22 HPs)
             Began as a Mummy Hunter on Dec 7, 2017.
             Killed from afar by a white imp (3 damage)
             ... with a puff of frost
             ... summoned by Natasha
             ... on level 2 of the Dungeon.
             The game lasted 00:01:15 (1177 turns).

Amnesiac the Shooter (Mummy Hunter)                 Turns: 1177, Time: 00:01:16

Health: 0/22       AC:  6    Str: 15    XL:     2   Next: 86%
Magic:  2/2        EV:  9    Int: 10    God:
Gold:   77         SH:  0    Dex: 12    Spells: 1/1 levels left

rFire    x . .     SeeInvis .   a - +1 shortbow
rCold    + . .     Gourm    .   (shield currently unavailable)
rNeg     + + +     Faith    .   i - +0 scale mail
rPois    ∞         Spirit   .   (no helmet)
rElec    .         Reflect  .   (no cloak)
rCorr    .         Harm     .   (no gloves)
MR       .....                  (no boots)
Stlth    ..........             (no amulet)
HPRegen  0.07/turn              (no ring)
MPRegen  0.08/turn              (no ring)

@: no status effects
A: no food or potions, fire vulnerability, cold resistance 1, negative energy
resistance 3, torment resistance, unbreathing
a: no special abilities


You were on level 2 of the Dungeon.
You were not hungry.

You visited 1 branch of the dungeon, and saw 2 of its levels.

You collected 77 gold pieces.

Inventory:

Hand Weapons
 a - a +1 shortbow (weapon)
 b - a +0 short sword
Missiles
 d - 17 arrows (quivered)
Armour
 i - a +0 scale mail (worn)
Scrolls
 c - a scroll of fog {!r, unknown}
 e - a scroll of enchant weapon {!r, unknown}
 f - a scroll of blinking {!r, unknown}
 g - a scroll of fear {!r, unknown}
 h - a scroll of magic mapping {!r, unknown}
 j - 2 scrolls of identify {!r, unknown}


   Skills:
 + Level 2.1 Fighting
 * Level 3.4 Bows
 + Level 1.6 Armour
 + Level 1.7 Dodging
 - Level 0.7 Stealth


You had one spell level left.
You didn't know any spells.

Dungeon Overview and Level Annotations

Branches:
Dungeon (2/15)

Altars:

Annotations:
D:2 Natasha


Innate Abilities, Weirdness & Mutations

You do not eat or drink.
Your flesh is vulnerable to fire.
You are immune to poison.
Your flesh is cold resistant. (rC+)
You are immune to negative energy. (rN+++)
You are immune to unholy pain and torment.
You can survive without breathing.


Message History

No target in view!
A goblin comes into view. It is wielding a club.
The goblin shouts!
Found 19 stones.
A goblin is nearby!
A goblin is nearby!
The goblin hits you with a club.
A goblin is nearby!
You barely miss the goblin. The goblin barely misses you.
A goblin is nearby!
You closely miss the goblin. The goblin closely misses you.
A goblin is nearby!
You hit the goblin.
You kill the goblin!
You see here a club.
You now have 77 gold pieces (gained 12).
j - 2 scrolls labeled PEIBEDGHOSA {!r} (gained 1)
You open the door.
There is an open door here.
A kobold comes into view. It is wielding a dagger.
The kobold shouts!
The kobold moves out of view.
No target in view!
Found an escape hatch in the ceiling.
A kobold is nearby!
You hit the kobold.
The kobold is severely wounded.
The kobold hits you with a dagger.
A kobold is nearby!
You hit the kobold.
You kill the kobold!
You see here a frilled lizard corpse.
Key pressed, stopping explore.
No target in view!
Natasha, Servant of Life and Death comes into view.
Natasha is nearby!
Natasha is nearby!
Natasha claws you.
You hit Natasha.
Natasha is lightly wounded.
Natasha stares at you and mumbles some strange words.
The magic dart hits you!
a - a +1 shortbow (weapon)
Natasha casts a spell.
Firing (i - inventory):
d - 19 arrows (quivered)
Press: ? - help, Shift-Dir - straight line, f - Natasha
Aim: Natasha (lightly wounded)
You shoot an arrow. The arrow barely misses Natasha.
Natasha barely misses you. The white imp hits you.
* * * LOW HITPOINT WARNING * * *
The white imp freezes you. You resist.
* * * LOW HITPOINT WARNING * * *
Firing (i - inventory):
d - 18 arrows (quivered)
Press: ? - help, Shift-Dir - straight line, f/p - Natasha
Aim: Natasha (lightly wounded)
You shoot an arrow. The arrow hits Natasha.
Natasha is moderately wounded.
Natasha claws you.
* * * LOW HITPOINT WARNING * * *
The white imp hits you but does no damage.
Natasha casts a spell.
The white imp gestures at you. The puff of frost hits you! You resist.
You die...

#.#######'#########..........#
#.##....#.# ######.######
#.##.##.### #.#.....
###.##.##.# ####### #.#.....
....##.##(##### #.....#
#....... ######.##.....#
#.###.# ##...... .# #.##..<..#
#.# #.# #...... .#
#.##.....###.###.# ##.....
.#####.##....h5.@...#.# #..###
....##.#......5##.#.#.# ##.# #
###.##.#.###.#.##.#.#.# #.###
#.##.#.....#.##.#.#.# #..##
#.##.#######.##.#.#.# ##.##
#.##.# #....#.#.# #.##
#....############.#.#....###..#
########.....# #.#.##..##....#
.# #.<...# #.#.##..##.#..)


You could see Natasha and 2 white imps.

Vanquished Creatures
  A giant cockroach (D:1)
  4 goblins
  2 hobgoblins
  4 jackals (D:1)
  4 kobolds
  4 bats
  2 frilled lizards (D:2)
  2 rats (D:2)
23 creatures vanquished.

Notes
Turn   | Place    | Note
-------+----------+-------------------------------------------
     0 | D:1      | Amnesiac the Mummy Hunter began the quest for the Orb.
     0 | D:1      | Reached XP level 1. HP: 16/16 MP: 1/1
   263 | D:1      | Reached skill level 1 in Armour
   277 | D:1      | Reached XP level 2. HP: 13/22 MP: 2/2
  1167 | D:2      | Noticed Natasha
  1177 | D:2      | Killed from afar by a white imp

Vault maps used:
D:1:      saegor_arrival_simple_e
D:2:      first_bread, hangedman_decor_diamond_cutter, uniq_natasha

Skill      XL: |  1 |
---------------+----+-----
Armour         | 1 |  1.6
Fighting       | |  2.1
Bows           | |  3.4
Dodging        | |  1.7
Stealth        | |  0.7

Action                   || total
-------------------------++-------
Melee: Short sword       ||    54
 Fire: Shortbow          ||    16
 Stab: Sleeping          ||     2
Armor: Leather armour    ||    14
       Scale mail        ||    10
Dodge: Dodged            ||    45

Table legend:
 A = Spawn XP
 B = Non-spawn XP
 C = Spawn XP percentage of total XP
 D = Spawn monster count
 E = Non-spawn monster count
 F = Spawn count percentage of total count
 G = Total turns spent on level
                    A         B        C        D         E        F      G
               +---------+---------+-------+---------+---------+-------+---------
         Total |       0 |      37 |   0.0 |       0 |      23 |   0.0 |  1177
               +---------+---------+-------+---------+---------+-------+---------
           D:1 |       0 |      27 |   0.0 |       0 |      15 |   0.0 |   933
           D:2 |       0 |      10 |   0.0 |       0 |       8 |   0.0 |   244
               +---------+---------+-------+---------+---------+-------+---------
